Map: [ESL] Alcyone

Players

Serral - Winner!

  • Race: Zerg Zerg
  • Spawn Location: 7:00

Clem

  • Race: Terran Terran
  • Spawn Location: 1:00

Event: IEM Katowice 2024

VOD

Have the link to the VOD?

Description

Time

  • Played on: Feb. 11, 2024, 5:50 a.m.
  • Length: 19:47

All games in this series

Show
View Real Time Build Order
Export as new Build Order

Serral Zerg - Winner!

Build Orders: Hatch First, Lurkers 

Get SALT Encoding   

  12  0:00  Drone  
  13  0:12  Overlord  
  13  0:16  Drone  
  14  0:30  Drone x2  
  16  0:47  Hatchery  
  15  0:50  Drone  
  15  0:54  Drone  
  17  0:58  Drone  
  18  1:08  Extractor  
  17  1:12  Spawning Pool  
  17  1:15  Drone  
  17  1:18  Drone  
  18  1:27  Drone  
  19  1:38  Drone  
  20  1:48  Drone  
  21  1:58  Queen x2  
  21  1:59  Zergling x4  
  27  2:07  Metabolic Boost  
  27  2:10  Drone, Overlord  
  28  2:23  Extractor  
  28  2:24  Drone  
  28  2:33  Drone x3  
  28  2:34  Queen  
  33  2:42  Overlord  
  33  2:43  Drone, Extractor  
  35  2:53  Drone  
  35  2:57  Hatchery  
  35  3:00  Drone  
  35  3:05  Overlord  
  36  3:08  Zergling x2  
  36  3:09  Zergling x6  
  36  3:12  Drone x2  
  42  3:17  Queen  
  44  3:24  Drone x3  
  47  3:30  Overlord  
  47  3:32  Drone  
  48  3:35  Queen  
  48  3:39  Zergling x4  
  52  3:41  Overlord  
  52  3:49  Drone  
  52  3:51  Drone x2  
  52  3:52  Drone x2  
  57  3:56  Queen  
  59  4:03  Extractor  
  59  4:04  Zergling x2  
  59  4:05  Drone  
  61  4:10  Drone x2  
  61  4:11  Queen  
  61  4:12  Extractor  
  61  4:15  Drone x4  
  69  4:18  Queen  
  69  4:20  Drone  
  70  4:26  Zergling x6  
  70  4:28  Drone  
  70  4:31  Drone  
  72  4:35  Drone  
  69  4:43  Spore Crawler  
  69  4:47  Zergling x8  
  69  4:52  Overlord x2  
  71  4:57  Evolution Chamber x2  
  69  5:02  Overlord  
  69  5:09  Extractor, Queen  
  69  5:11  Zergling x4  
  69  5:12  Zergling x2  
  73  5:15  Drone x9  
  73  5:18  Drone  
  81  5:22  Drone x2  
  81  5:23  Drone  
  82  5:28  Drone  
  82  5:31  Zerg Melee Weapons Level 1, Zerg Ground Armor Level 1  
  82  5:32  Drone  
  84  5:36  Hatchery  
  84  5:38  Drone x2  
  85  5:43  Drone x3, Extractor  
  85  5:48  Lair  
  86  5:50  Drone x3  
  86  5:53  Overlord  
  86  5:56  Overlord  
  89  5:58  Overlord  
  89  6:00  Overlord  
  89  6:02  Overlord  
  89  6:04  Baneling Nest, Spore Crawler  
  88  6:05  Zergling x4  
  89  6:14  Zergling x8  
  89  6:15  Zergling x2  
  89  6:17  Drone x3  
  97  6:21  Drone x2  
  97  6:22  Extractor  
  98  6:28  Zergling x2  
  98  6:30  Zergling x14  
  106  6:32  Overlord  
  106  6:38  Zergling x2  
  107  6:42  Zergling x4  
  109  6:48  Centrifugal Hooks  
  109  6:49  Baneling  
  109  6:50  Baneling x4  
  109  6:52  Zergling x10  
  109  6:53  Queen  
  116  6:55  Drone x2  
  116  7:00  Zergling x14  
  125  7:03  Overlord  
  125  7:06  Zergling x4  
  127  7:13  Drone  
  127  7:15  Zergling x2  
  129  7:20  Overlord  
  127  7:26  Zerg Melee Weapons Level 2, Zerg Ground Armor Level 2  
  127  7:28  Zergling x22  
  132  7:33  Zergling x2  
  130  7:37  Zergling x4  
  130  7:43  Zergling x4  
  127  7:46  Hatchery  
  127  7:47  Drone x2  
  127  7:49  Pneumatized Carapace, Overseer, Baneling x3  
  127  7:51  Drone  
  129  7:53  Drone  
  130  7:59  Zergling x4, Overseer  
  130  8:02  Overseer  
  130  8:03  Drone x2  
  130  8:04  Extractor  
  130  8:05  Extractor  
  132  8:08  Baneling x10  
  132  8:09  Drone x2  
  134  8:13  Drone x6, Hydralisk Den  
  134  8:14  Drone  
  134  8:15  Hatchery  
  134  8:16  Overlord x2  
  134  8:19  Drone x2, Spore Crawler  
  140  8:24  Zergling x10  
  136  8:31  Baneling  
  136  8:32  Baneling x10  
  133  8:36  Zergling x8  
  133  8:39  Zergling x6  
  133  8:41  Baneling x5  
  140  8:42  Zergling x12  
  140  8:45  Grooved Spines  
  145  8:50  Zergling x8  
  145  8:58  Extractor, Infestation Pit  
  143  9:03  Drone x3  
  143  9:05  Drone x4  
  143  9:07  Zergling x10  
  143  9:09  Drone x2  
  153  9:10  Drone  
  153  9:14  Baneling x8  
  153  9:15  Baneling x3  
  152  9:20  Zergling x20  
  161  9:32  Zergling x12  
  161  9:35  Muscular Augments  
  161  9:36  Hive  
  165  9:38  Spore Crawler  
  165  9:39  Drone x3  
  165  9:40  Drone  
  165  9:43  Overlord x5  
  164  9:47  Drone  
  164  9:48  Zergling x14  
  172  9:54  Baneling x4, Overlord  
  169  10:01  Zergling x2  
  169  10:02  Zergling x18  
  162  10:12  Zergling x20  
  161  10:19  Zergling x14  
  162  10:23  Zerg Missile Weapons Level 1  
  162  10:26  Overseer, Baneling x4  
  162  10:27  Baneling x4  
  161  10:30  Hydralisk x6  
  161  10:34  Hydralisk x2  
  177  10:36  Lurker Den  
  177  10:40  Baneling  
  177  10:41  Baneling x3  
  173  10:44  Drone  
  173  10:47  Zergling x2, Hydralisk x5  
  173  10:48  Zergling x6  
  185  10:55  Extractor  
  184  10:58  Viper x2  
  184  11:00  Spore Crawler  
  184  11:01  Zergling x20  
  199  11:11  Hatchery  
  199  11:13  Zerg Ground Armor Level 3  
  199  11:18  Zergling x18  
  188  11:26  Overseer x3  
  188  11:27  Overseer  
  188  11:29  Overseer  
  188  11:30  Nydus Network  
  185  11:33  Extractor  
  185  11:35  Drone x3  
  185  11:38  Baneling x8  
  186  11:45  Seismic Spines  
  186  11:46  Hatchery  
  185  11:48  Zergling x18  
  187  12:00  Zergling x26  
  189  12:15  Lurker x6  
  195  12:20  Drone x4  
  195  12:21  Overseer  
  199  12:29  Spire  
  198  12:32  Nydus Canal  
  198  12:36  Extractor, Overseer  
  197  12:42  Adaptive Talons  
  197  12:43  Zergling x8  
  199  12:46  Zerg Missile Weapons Level 2  
  199  12:54  Nydus Canal  
  199  12:55  Hatchery  
  190  12:58  Zergling x4  
  190  12:59  Zergling x20  
  190  13:01  Zergling x8  
  199  13:12  Ultralisk Cavern  
  199  13:17  Baneling x10  
  194  13:23  Zergling x22  
  196  13:32  Zergling x14  
  194  13:39  Baneling x10  
  194  13:47  Baneling x9  
  194  13:49  Zerg Flyer Weapons Level 1  
  194  13:50  Zerg Melee Weapons Level 3  
  190  14:00  Zergling x6  
  190  14:02  Overlord x2  
  183  14:06  Zergling x24  
  185  14:16  Zergling x34  
  182  14:19  Overseer  
  182  14:23  Baneling x12  
  168  14:24  Hydralisk x6  
  168  14:25  Zergling x22  
  188  14:32  Zergling x2  
  188  14:33  Zergling x4  
  188  14:36  Overseer, Baneling x24  
  191  14:43  Overlord  
  191  14:44  Overlord  
  191  14:45  Chitinous Plating  
  191  14:48  Neural Parasite  
  191  14:56  Hatchery  
  190  15:01  Drone x2  
  190  15:05  Drone x2  
  194  15:18  Zerg Missile Weapons Level 3  
  170  15:32  Zergling x48  
  173  15:37  Zergling x30  
  173  15:39  Unknown  
  173  15:40  Overlord  
  173  15:41  Overlord x4  
  183  15:45  Overlord  
  183  15:46  Hydralisk x2, Overlord  
  183  15:47  Overseer x2  
  183  15:48  Overseer  
  182  15:53  Baneling  
  182  15:54  Baneling x15  
  182  15:57  Overlord  
  182  16:02  Drone x5  
  182  16:03  Drone  
  188  16:04  Anabolic Synthesis  
  188  16:05  Zergling x12  
  188  16:08  Lurker x2  
  188  16:10  Baneling  
  188  16:11  Baneling x2  
  185  16:13  Infestor x3  
  181  16:31  Hydralisk x3  
  181  16:32  Zergling x32  
  194  16:39  Zergling x16  
  189  16:43  Greater Spire  
  189  16:45  Infestor  
  189  16:46  Burrow  
  186  16:52  Lurker x9  
  186  16:53  Hydralisk  
  195  16:59  Hydralisk  
  195  17:00  Hydralisk  
  199  17:16  Baneling x10  
  199  17:18  Nydus Canal  
  199  17:48  Overseer  
  185  17:54  Hydralisk x4  
  185  17:55  Zergling x40  
  187  18:03  Zergling x26  
  200  18:10  Infestor  
  200  18:12  Overseer  
  194  18:14  Baneling x33  
  194  18:15  Hydralisk x3, Baneling x5  
  200  18:22  Infestor, Nydus Canal  
  200  18:38  Nydus Canal  
  200  18:40  Hatchery  
  196  18:52  Zergling x2  
  196  18:53  Zergling x32  
  195  18:56  Zergling x8  
  193  19:03  Zergling x16  
  193  19:05  Infestor  
  193  19:09  Zergling x12  
  199  19:12  Nydus Canal  
  199  19:13  Zergling x8  
  200  19:22  Hydralisk x3  
  200  19:23  Zergling x2  
Show
View Real Time Build Order
Export as new Build Order

Clem Terran 

Build Orders: Liberator Opening, Reaper Expand 

Get SALT Encoding   

  12  0:00  SCV  
  13  0:12  SCV  
  14  0:18  Supply Depot  
  14  0:24  SCV  
  15  0:39  SCV  
  15  0:40  Barracks  
  16  0:43  Refinery  
  16  0:51  SCV  
  17  1:04  SCV  
  18  1:16  SCV  
  19  1:27  Reaper  
  19  1:28  Orbital Command  
  20  1:38  Command Center  
  20  1:46  Supply Depot  
  20  1:53  SCV  
  21  1:59  Marine  
  22  2:05  SCV  
  23  2:11  Factory  
  23  2:17  SCV  
  23  2:20  Barracks Reactor  
  24  2:29  SCV  
  25  2:41  SCV  
  25  2:42  Command Center  
  26  2:50  Orbital Command  
  26  2:53  SCV  
  27  3:01  Starport  
  27  3:06  Hellion, SCV  
  27  3:11  Hellion  
  32  3:16  SCV  
  32  3:18  SCV  
  34  3:21  Barracks Tech Lab  
  34  3:22  Refinery  
  34  3:28  SCV  
  34  3:30  SCV  
  34  3:31  Hellion  
  34  3:34  Hellion  
  40  3:39  Marine  
  40  3:40  SCV  
  42  3:45  SCV  
  43  3:50  Liberator  
  43  3:53  SCV  
  43  3:55  Orbital Command  
  47  3:57  SCV  
  47  4:00  Hellion  
  47  4:02  Hellion  
  52  4:05  SCV  
  52  4:09  SCV  
  54  4:10  Supply Depot  
  54  4:12  Marine  
  54  4:15  Stimpack  
  53  4:17  SCV  
  53  4:21  SCV x2  
  53  4:30  SCV  
  50  4:33  SCV  
  50  4:34  SCV  
  51  4:42  SCV  
  51  4:45  SCV  
  53  4:46  SCV  
  53  4:49  Barracks  
  53  4:50  Barracks  
  54  4:53  Starport Reactor, Factory Reactor  
  54  4:54  SCV, Marine  
  54  4:57  SCV  
  54  4:58  SCV  
  58  5:00  Supply Depot  
  58  5:06  SCV  
  59  5:07  Engineering Bay x2  
  59  5:12  Marine  
  59  5:15  SCV  
  59  5:16  SCV  
  59  5:18  SCV  
  59  5:30  Supply Depot, Reaper  
  59  5:31  SCV, Refinery  
  59  5:32  SCV  
  59  5:34  Refinery  
  63  5:36  Terran Infantry Weapons Level 1  
  63  5:39  Marine x2  
  63  5:41  Factory Reactor  
  65  5:43  Orbital Command, SCV  
  65  5:44  SCV  
  65  5:48  Marine  
  65  5:49  Marine  
  68  5:51  Barracks  
  68  5:52  Supply Depot  
  68  5:54  Barracks  
  68  5:55  SCV  
  68  5:56  SCV  
  70  5:57  Marine x2  
  70  5:58  Combat Shield  
  70  6:01  Marine  
  73  6:06  Marine  
  73  6:07  SCV  
  73  6:08  Terran Infantry Armor Level 1, SCV x2  
  73  6:10  Supply Depot  
  73  6:11  Marine  
  78  6:15  Marine  
  79  6:18  Marine  
  79  6:19  Marine  
  79  6:20  SCV x2  
  79  6:21  SCV  
  79  6:22  Medivac  
  79  6:23  Medivac  
  88  6:26  Marine  
  88  6:27  Supply Depot  
  88  6:29  Marine  
  88  6:32  SCV, Widow Mine x2  
  95  6:33  Marine, SCV  
  95  6:35  SCV  
  95  6:37  Marine  
  95  6:38  Supply Depot  
  95  6:39  Barracks Reactor  
  99  6:40  Marine  
  99  6:43  Barracks Reactor  
  99  6:44  SCV  
  101  6:47  Armory  
  101  6:49  SCV, Marine  
  101  6:50  SCV  
  101  6:51  Supply Depot  
  104  6:56  SCV  
  106  7:01  SCV  
  106  7:02  Marine x2  
  106  7:03  Marine x2, SCV  
  106  7:05  Refinery  
  106  7:08  Factory, SCV  
  112  7:09  Marine  
  112  7:13  SCV  
  112  7:14  Supply Depot  
  112  7:15  Widow Mine x2, SCV  
  116  7:16  Marine x2  
  116  7:20  SCV, Marine x3  
  116  7:21  Marine  
  121  7:23  Marine  
  121  7:25  SCV  
  121  7:26  Marine  
  121  7:27  SCV  
  118  7:30  Marine  
  118  7:32  SCV  
  118  7:34  Marine  
  118  7:36  Widow Mine, Marine  
  120  7:37  SCV  
  120  7:41  Command Center  
  120  7:42  SCV  
  120  7:45  Terran Infantry Weapons Level 2  
  120  7:48  Supply Depot  
  120  7:50  Supply Depot  
  120  7:51  Marine, Widow Mine  
  122  7:52  Factory Tech Lab  
  122  7:55  Marine  
  122  7:56  Marine  
  122  7:57  Marine  
  126  8:01  Supply Depot, Medivac x2  
  126  8:05  Terran Infantry Armor Level 2, Supply Depot  
  130  8:07  Marine  
  130  8:10  Marine x3  
  130  8:11  Drilling Claws  
  134  8:14  Widow Mine, Refinery  
  134  8:17  Widow Mine, Marine x2  
  134  8:18  Marine x2  
  142  8:21  Marine  
  142  8:26  Marine  
  128  8:27  Marine  
  128  8:29  Widow Mine, Marine x2  
  128  8:31  Medivac x2  
  137  8:34  Marine  
  137  8:35  Marine  
  137  8:36  Widow Mine  
  137  8:37  Concussive Shells  
  137  8:38  SCV x3  
  137  8:40  Marine  
  145  8:46  Barracks  
  145  8:47  Barracks  
  145  8:50  SCV  
  145  8:54  SCV, Widow Mine  
  140  8:56  SCV  
  140  9:00  Widow Mine  
  140  9:02  SCV, Marine x2  
  146  9:04  Sensor Tower  
  146  9:06  SCV  
  146  9:08  Barracks  
  148  9:11  Widow Mine  
  148  9:12  Marine, Medivac  
  148  9:14  Marine x2  
  148  9:15  Widow Mine  
  156  9:17  Supply Depot  
  156  9:18  Marine  
  156  9:19  SCV  
  156  9:20  SCV  
  156  9:21  Widow Mine  
  156  9:23  Planetary Fortress  
  161  9:25  SCV  
  162  9:31  SCV  
  162  9:32  SCV  
  162  9:33  Widow Mine  
  162  9:37  Barracks Tech Lab x2, SCV  
  165  9:42  Marine, Widow Mine  
  165  9:43  Marine x5, Widow Mine  
  165  9:44  SCV x2  
  166  9:46  Supply Depot  
  166  9:47  Marine  
  166  9:49  SCV, Refinery  
  166  9:50  Marine, Refinery  
  165  10:00  Command Center  
  158  10:10  SCV  
  158  10:11  SCV  
  158  10:13  Marine  
  158  10:14  SCV  
  154  10:20  Widow Mine  
  154  10:21  Medivac x2  
  160  10:22  Marauder  
  160  10:23  Barracks Tech Lab, Marine x4, Marauder x2  
  160  10:24  Marine x2  
  160  10:25  SCV  
  174  10:28  Sensor Tower  
  174  10:35  Terran Infantry Weapons Level 3  
  173  10:36  Missile Turret, Marine  
  173  10:42  Ghost Academy  
  170  10:44  Terran Infantry Armor Level 3, Marine, Marauder  
  170  10:45  Marauder  
  170  10:48  Marine  
  172  10:54  Widow Mine, Marine x3  
  180  10:59  Viking x2  
  180  11:03  Command Center  
  180  11:10  Missile Turret  
  180  11:13  Terran Vehicle And Ship Armor Level 1  
  170  11:18  Marauder  
  170  11:20  Marauder  
  170  11:21  Marauder  
  170  11:23  Marauder  
  171  11:26  Widow Mine  
  171  11:28  Widow Mine  
  171  11:29  Command Center, Medivac x2  
  179  11:39  Ghost  
  181  11:40  Ghost  
  181  11:42  Missile Turret  
  181  11:44  Marine x2  
  181  11:45  SCV x3, Widow Mine  
  190  11:50  Ghost  
  190  11:51  Ghost  
  188  11:55  Widow Mine  
  188  12:01  Marine x2  
  185  12:02  Marine  
  185  12:03  Marine  
  185  12:05  Planetary Fortress  
  185  12:06  Marine  
  185  12:08  Ghost  
  191  12:09  Ghost, Widow Mine  
  191  12:12  Widow Mine  
  191  12:14  Marine  
  198  12:16  SCV, Marine  
  200  12:29  Orbital Command  
  199  12:32  Command Center  
  199  12:33  Missile Turret  
  199  12:35  Starport  
  199  12:37  Fusion Core  
  199  12:57  Ghost  
  191  12:58  Widow Mine  
  191  13:00  Liberator, Medivac  
  191  13:01  Ghost x3  
  195  13:05  Sensor Tower  
  195  13:06  Missile Turret  
  195  13:07  Marine  
  195  13:08  Missile Turret  
  195  13:10  Marine, SCV  
  195  13:11  Marine  
  193  13:25  Ghost, Widow Mine  
  187  13:27  Marine  
  187  13:29  Ghost x2  
  187  13:30  Marauder  
  187  13:31  Marine  
  187  13:42  Orbital Command  
  187  13:45  Command Center  
  185  13:50  Ghost  
  185  13:54  Ghost, Widow Mine  
  189  13:58  Ghost x2  
  189  14:02  Widow Mine  
  189  14:05  Marine  
  189  14:07  Orbital Command  
  179  14:10  SCV  
  179  14:14  Marine  
  176  14:18  SCV  
  176  14:19  Ghost  
  176  14:22  Ghost  
  176  14:23  Orbital Command  
  176  14:24  Widow Mine  
  172  14:25  SCV, Marine x2  
  172  14:26  Ghost x2, Command Center  
  172  14:30  SCV  
  180  14:31  SCV  
  180  14:33  SCV  
  180  14:35  Marine x2  
  180  14:37  SCV  
  180  14:38  Refinery  
  184  14:42  Sensor Tower  
  184  14:43  Marine  
  185  14:48  Ghost  
  185  14:49  SCV  
  185  14:51  Starport Reactor, Refinery x2  
  185  14:52  Marauder  
  190  14:55  Ghost x2  
  190  14:57  Orbital Command  
  190  14:59  Widow Mine  
  196  15:03  Liberator  
  198  15:09  Command Center  
  198  15:12  Missile Turret  
  198  15:17  SCV x2  
  198  15:18  Missile Turret  
  198  15:20  Sensor Tower  
  200  15:25  Widow Mine  
  200  15:27  Widow Mine  
  193  15:28  Marine  
  193  15:30  Medivac  
  193  15:31  Marine, Widow Mine  
  193  15:32  Marine x3  
  162  15:38  Ghost x2, Medivac  
  162  15:41  Liberator  
  156  15:43  SCV  
  156  15:44  SCV  
  156  15:46  Liberator  
  156  15:47  Ghost  
  156  15:48  Refinery  
  162  15:56  SCV  
  161  15:58  SCV  
  160  16:04  Command Center  
  160  16:06  SCV, Widow Mine  
  160  16:08  SCV  
  160  16:10  Liberator x2  
  170  16:13  SCV  
  170  16:18  SCV  
  172  16:20  Widow Mine, Refinery  
  172  16:23  Widow Mine  
  172  16:24  Liberator, Marine x2  
  166  16:25  Marine  
  166  16:26  Marine  
  166  16:27  Widow Mine  
  156  16:33  SCV x2  
  156  16:35  SCV  
  156  16:37  SCV  
  156  16:38  Marine  
  146  16:41  Widow Mine, SCV  
  146  16:43  SCV  
  150  16:47  SCV  
  150  16:52  SCV x2  
  150  16:53  SCV  
  153  16:57  Planetary Fortress  
  153  16:58  SCV  
  153  16:59  Planetary Fortress  
  154  17:02  SCV  
  155  17:14  Command Center  
  155  17:16  Refinery  
  155  17:17  Ghost, Widow Mine x2  
  155  17:21  Missile Turret  
  163  17:22  Widow Mine  
  163  17:26  Marine x2  
  163  17:27  Marine  
  163  17:28  Marine x4  
  170  17:31  Marine  
  170  17:33  Marine  
  170  17:34  Marine x2  
  174  17:38  Widow Mine  
  174  17:43  Liberator  
  175  17:44  Marine x2  
  175  17:45  Marine x2  
  175  17:46  Marine  
  175  17:49  Medivac  
  175  17:50  Ghost, Widow Mine, Marine  
  175  17:51  Marine  
  181  17:53  Marine  
  181  17:54  Liberator  
  181  17:55  SCV  
  181  17:56  Ghost, Marine  
  172  17:59  SCV  
  172  18:01  SCV  
  172  18:03  SCV  
  173  18:06  SCV  
  173  18:09  SCV x3  
  173  18:10  Refinery  
  173  18:11  SCV  
  178  18:19  SCV x2  
  180  18:21  Liberator, Sensor Tower  
  183  18:27  Liberator  
  183  18:29  Marauder  
  183  18:33  SCV  
  189  18:34  Marine x3  
  189  18:35  SCV  
  189  18:39  Widow Mine  
  189  18:40  Hellion  
  197  18:42  Liberator  
  200  18:50  Medivac  
  200  18:51  Widow Mine, Marine x4  
  200  18:52  Marine  
  186  19:00  Marine x2  
  186  19:01  Marine, Widow Mine x2  
  186  19:02  Marine  
  185  19:04  Medivac, Marine x2  
  185  19:05  Marine  
  165  19:12  Marine  
  165  19:13  Marine, Widow Mine  
  151  19:19  Marine  
  151  19:21  Marine  
  138  19:25  Widow Mine  
  138  19:27  Marine  

Tags
 
Add a new tag
Caveats
  • Supply blocks, unpowered buildings, or Contaminate may cause inaccurate times.
  • Supply counts are checked every 10 seconds.